 Dungeon Crawl Stone Soup version 0.31-a0-1074-g0b22e4e0f1 (webtiles) character file.

Game seed: 13112898127681205851

16 drugrobin the Sneak (level 2, -1/25 HPs)
             Began as a Demigod Delver on Nov 28, 2023.
             Slain by an ufetubus (2 damage)
             ... in a sewer.
             The game lasted 00:03:56 (426 turns).

drugrobin the Sneak (Demigod Delver)                 Turns: 426, Time: 00:03:57

Health: -1/25      AC:  4    Str: 13    XL:     2   Next: 24%
Magic:  4/4        EV: 11    Int: 12    God:
Gold:   7          SH:  0    Dex: 15    Spells: 1/1 levels left

rFire   . . .        a - +0 mace
rCold   . . .        (no shield)
rNeg    . . .        d - +0 leather armour
rPois   .            (no helmet)
rElec   .            (no cloak)
rCorr   .            (no gloves)
SInv    .            e - +0 pair of boots
Will    .....        (no amulet)
Stlth   +++          (no ring)
HPRegen 0.24/turn    (no ring)
MPRegen 0.09/turn

%: no passive effects
@: no status effects
A: high MP 1, forlorn, divine attributes
a: no special abilities


You were in a sewer.
You visited 1 branch of the dungeon, and saw 2 of its levels.
You also visited: Sewer.

You collected 7 gold pieces.

Inventory:

Hand Weapons
 a - a +0 mace (weapon)
 b - a +0 whip
Armour
 d - a +0 leather armour (worn)
 e - a +0 pair of boots (worn)
Wands
 g - a wand of digging (3)
Scrolls
 c - a scroll of fog


   Skills:
 - Level 2.6 Fighting
 + Level 2.8 Maces & Flails
 - Level 1.7 Dodging
 - Level 4.5 Stealth


You had one spell level left.
You didn't know any spells.
Your spell library was empty.

Dungeon Overview and Level Annotations

Branches:
Dungeon (5/15)             Temple (0/1) D:4           Sewer (1/1)


Innate Abilities, Weirdness & Mutations

You have an increased reservoir of magic. (+10% MP)
You shall have no god before yourself.
Your divine heritage dramatically boosts your attributes as you level up.


Message History

Okay, then.
You hit the ufetubus.
The ufetubus is moderately wounded.
The ufetubus closely misses you. x2
The ufetubus hits you but does no damage.
The ufetubus misses you.
Unknown command.
Unknown command.
Hit: a) +0 mace
Press: ? - help, Dir - move target, f - ufetubus
Aim: an ufetubus (moderately wounded, about 56% to evade your +0 mace)
Okay, then.
Unknown command.
Unknown command.
You closely miss the ufetubus.
The ufetubus is moderately wounded.
The ufetubus hits you but does no damage.
The ufetubus hits you.
* * * LOW HITPOINT WARNING * * *
The ufetubus hits you but does no damage. x2
Unknown command.
Unknown command.
You barely miss the ufetubus.
The ufetubus is moderately wounded.
The ufetubus barely misses you. x2; The ufetubus closely misses you. x2
Unknown command.
Unknown command.
You miss the ufetubus.
The ufetubus is moderately wounded.
The ufetubus hits you.
* * * LOW HITPOINT WARNING * * *
The ufetubus barely misses you.
The ufetubus hits you but does no damage. x2
Unknown command.
Unknown command.
You hit the ufetubus.
The ufetubus is severely wounded.
The ufetubus closely misses you. The ufetubus barely misses you.
The ufetubus hits you.
You die...

..≈≈≈≈≈≈≈≈≈≈≈≈≈≈≈≈≈#
..≈≈≈≈≈≈≈≈≈≈≈≈≈~≈≈≈#
.≈~≈≈≈≈≈≈≈≈≈≈≈≈≈.~.#
..≈≈≈≈≈≈≈≈≈≈≈≈≈~~≈~#
...~~≈~≈≈≈≈≈≈≈≈≈≈~~#
##.###≈##~##≈####~##
≈≈.............#.≈≈#
≈≈≈......)..).)5.~≈#
≈≈.............#@~≈#
##.#≈###≈≈#≈####.~≈#
....≈≈~≈≈~≈≈≈≈ #..~#
..~≈≈≈≈≈≈≈≈≈≈≈≈#.~≈#
..≈≈≈≈≈≈≈≈≈≈≈≈≈#(~≈#
.~~≈≈≈≈≈≈≈≈≈≈≈≈#.≈~#
..≈≈≈≈≈≈≈≈≈≈≈≈≈#.~≈#
.~≈≈≈≈≈≈≈≈≈≈≈≈≈#.~≈#
################.≈≈##############


You could see an ufetubus.

Vanquished Creatures
  An adder zombie (Sewer)
  A bat zombie (Sewer)
  An endoplasm (Sewer)
  A giant cockroach (Sewer)
  A bat (Sewer)
  8 kobolds (Sewer)
  A kobold zombie (Sewer)
14 creatures vanquished.

Vanquished Creatures (others)
  A giant cockroach zombie (Sewer)
  A kobold zombie (Sewer)
2 creatures vanquished.

Grand Total: 16 creatures vanquished

Notes
Turn   | Place    | Note
-------+----------+-------------------------------------------
     0 | D:5      | drugrobin the Demigod Delver began the quest for the Orb.
     0 | D:5      | Reached XP level 1. HP: 18/18 MP: 3/3
     8 | D:5      | Noticed an iguana
    21 | D:5      | Noticed a scorpion
    49 | D:4      | Noticed a hound
    71 | D:4      | Found a glowing drain.
    76 | Sewer    | Entered a sewer
   233 | Sewer    | Reached XP level 2. HP: 24/25 MP: 4/4
   425 | Sewer    | HP: 1/25 [ufetubus (2)]
   426 | Sewer    | Slain by an ufetubus

Illustrated notes

Levels and vault maps discovered:
D:4:      layout_rooms, minmay_temple_entry_trees, portal_sewer_entry_e,
          uniq_natasha
D:5:      corexii_shantytown, layout_layer_cave, fedhas_altar_4
Sewer:    kennysheep_sewer_church

Skill      XL: |  1 |
---------------+----+-----
Maces & Flails | 2 |  2.8
Fighting       | |  2.6
Dodging        | |  1.7
Stealth        | |  4.5

Action                     || total
---------------------------++-------
  Melee: Mace              ||    24
         Whip              ||    30
         Punch             ||     2
    Use: Scroll            ||     2
         Potion            ||     1
 Armour: Leather armour    ||    69
  Dodge: Dodged            ||    72

Table legend: (Time is in decaauts)
 A = Elapsed time spent in this place.
 B = Non-inter-level travel time spent in this place.
 C = Inter-level travel time spent in this place.
 D = Time resting spent in this place.
 E = Time spent auto-exploring this place.
 F = Levels seen in this place.
 G = Mean time per level.
                   A        B        C        D        E       F      G
               +--------+--------+--------+--------+--------+-----+--------+
         Total |    415 |    407 |      8 |     58 |     23 |   3 |  138.3 |
       Dungeon |     74 |     66 |      8 |      0 |      0 |   2 |   37.0 |
         Sewer |    341 |    341 |      0 |     58 |     23 |   1 |  341.0 |
               +--------+--------+--------+--------+--------+-----+--------+

Top non-repeatable levels by time:
   Sewer: 341 daAuts
     D:4: 43 daAuts
     D:5: 31 daAuts
